 Dungeon Crawl Stone Soup version 0.22-a0-433-gd2a9cce (webtiles) character file.

37 Supreme the Grave Robber (level 3, -1/42 HPs)
             Began as a Deep Dwarf Necromancer on May 28, 2018.
             Succumbed to a worker ant's poison
             ... on level 1 of the Dungeon.
             The game lasted 00:16:53 (1216 turns).

Supreme the Grave Robber (Deep Dwarf Necromancer)   Turns: 1216, Time: 00:16:54

Health: -1/42      AC:  2    Str: 16    XL:     3   Next: 21%
Magic:  1/6        EV: 12    Int: 16    God:
Gold:   52         SH:  2    Dex: 13    Spells: 2/7 levels left

rFire    . . .     SeeInvis .   g - +0 dagger
rCold    . . .     Gourm    .   (no shield)
rNeg     . . .     Faith    .   a - +0 robe
rPois    .         Spirit   .   (no helmet)
rElec    .         Reflect  +   (no cloak)
rCorr    .         Harm     .   (no gloves)
MR       .....                  (no boots)
Stlth    ..........             m - +2 amulet of reflection
HPRegen  0.00/turn              (no ring)
MPRegen  0.10/turn              (no ring)

@: berserking, lethally poisoned (-1 -> -4), non-regenerating, very quick
A: damage resistance, heal wounds, sense surroundings 1, no regeneration
a: Heal Wounds


You were on level 1 of the Dungeon.
You were not hungry.

You visited 1 branch of the dungeon, and saw 2 of its levels.

You collected 52 gold pieces.

Inventory:

Hand Weapons
 g - a +0 dagger (weapon)
Armour
 a - a +0 robe (worn)
Jewellery
 m - a +2 amulet of reflection (around neck)
Scrolls
 d - a scroll of teleportation {unknown}
 e - a scroll of enchant weapon {unknown}
 j - a scroll of identify {unknown}
 k - a scroll of blinking {unknown}
Potions
 l - a potion of berserk rage
Comestibles
 b - 2 chunks of flesh
 c - 3 rations


   Skills:
 + Level 2.2 Dodging
 + Level 2.5 Stealth
 + Level 2.6 Spellcasting
 + Level 4.9 Necromancy


You had 2 spell levels left.
You knew the following spells:

 Your Spells              Type           Power        Failure   Level  Hunger
a - Pain                  Necr           ###.         2%          1    #......
b - Animate Skeleton      Necr           N/A          2%          1    #......
c - Vampiric Draining     Necr           ###.......   8%          3    ###....

Your spell library contained the following spells:

 Spells                   Type           Power        Failure   Level  Hunger
 Animate Dead             Necr           N/A          26%         4    #####..
 Regeneration             Chrm/Necr      #.........   22%         3    ###....


Dungeon Overview and Level Annotations

Branches:
Dungeon (2/15)

Altars:


Innate Abilities, Weirdness & Mutations

You are resistant to damage.
You can heal yourself by infusing magical energy.
You passively map a small area around you.
You do not regenerate.


Message History

The worker ant is almost dead.
The worker ant closely misses you.
You hit the worker ant but do no damage.
The worker ant is almost dead.
The worker ant bites you.
You barely miss the worker ant.
The worker ant is almost dead.
The worker ant misses you.
You hit the worker ant.
The worker ant is almost dead.
The worker ant bites you.
* * * LOW HITPOINT WARNING * * *
The worker ant bites you.
* * * LOW HITPOINT WARNING * * *
You are lethally poisoned!
The worker ant poisons you!
It was a potion of berserk rage.
A red film seems to cover your vision as you go berserk!
You feel yourself moving faster!
You feel mighty!
You die...

..# #.# #....# #####
..# #.###.#..# ##...#
..### #.....#.##
#...##
..#.###..####.####.#.#
..#.....## #.#......#
......#.#####.......##
#######........#.####
......##########a#
###.......###...@#
...###......######
......###....#
###......#...##
###...[.#...#
##....#...#####
##....#...#...#
###.....#...###.###
###.<....#...## #...#


You could see a worker ant.

Vanquished Creatures
  An ooze (D:1)
  A dart slug (D:1)
  2 leopard geckos
  2 giant cockroaches (D:1)
  6 goblins
  4 hobgoblins
  2 frilled lizards
  4 kobolds (D:1)
  4 rats
26 creatures vanquished.

Notes
Turn   | Place    | Note
-------+----------+-------------------------------------------
     0 | D:1      | Supreme the Deep Dwarf Necromancer began the quest for the Orb.
     0 | D:1      | Reached XP level 1. HP: 15/15 MP: 3/3
     2 | D:1      | Learned a level 1 spell: Animate Skeleton
   208 | D:1      | Reached XP level 2. HP: 14/22 MP: 0/4
  1083 | D:2      | Reached XP level 3. HP: 25/28 MP: 2/6
  1090 | D:2      | Learned a level 3 spell: Vampiric Draining
  1215 | D:1      | HP: 1/28 [worker ant (2)]
  1216 | D:1      | Succumbed to a worker ant's poison

Vault maps used:
D:1:      dpeg_arrival_oval
D:2:      kennysheep_generic_room_5, uniq_robin, uniq_natasha

Skill      XL: |  1  2 |
---------------+-------+-----
Spellcasting   | 2 |  2.6
Dodging        | |  2.2
Stealth        | |  2.5
Necromancy     | |  4.9

Action                   || total
-------------------------++-------
Melee: Dagger            ||    13
Throw: Stone             ||     4
 Cast: Pain              ||    67
       Vampiric Draining ||     1
 Abil: Heal Wounds       ||     1
  Use: Scroll            ||     1
       Potion            ||     1
 Stab: Sleeping          ||     1
  Eat: Chunk             ||     2
Dodge: Dodged            ||    14
Block: Other             ||     4

Table legend:
 A = Spawn XP
 B = Non-spawn XP
 C = Spawn XP percentage of total XP
 D = Spawn monster count
 E = Non-spawn monster count
 F = Spawn count percentage of total count
 G = Total turns spent on level
                    A         B        C        D         E        F      G
               +---------+---------+-------+---------+---------+-------+---------
         Total |       0 |      53 |   0.0 |       0 |      26 |   0.0 |  1216
               +---------+---------+-------+---------+---------+-------+---------
           D:1 |       0 |      37 |   0.0 |       0 |      17 |   0.0 |   908
           D:2 |       0 |      16 |   0.0 |       0 |       9 |   0.0 |   308
               +---------+---------+-------+---------+---------+-------+---------
